AoeStats
← [GG] Shevchenko 7

MegaRandom

505131027Analyzed
4v4 RM · 26d ago on Sep 8, 2026· 49m 39s· 8 players
Game mode
Random Map
Map size
Large (8 player)
Population
200
Speed
Normal
Resources
Standard
Victory
Conquest
Starting age
Dark Age
Ending age
Imperial Age
RankedLock teamsTeams togetherTeam positionsShared explorationLock speedFull tech treeHidden civsTurbo modeCheats
Victory
Defeat
1051
+14
🇧🇷 Magyars · Brazil
1039
+14
🇧🇷 Portuguese · Brazil
989
+16
🇧🇷 Slavs · Brazil
965
+17
🇺🇾 Vietnamese · Uruguay
1071
-45
🇺🇾 Romans · Uruguay
1012
-16
🇺🇾 Armenians · Uruguay
967
-14
🇺🇾 Magyars · Uruguay
955
-14
EZWY.PeterZorro
7:35 Loom
9:39 Feudal Age
9:56 Man-at-Arms
10:23 Arson
12:14 Double-Bit Axe
12:34 Long Swordsman
16:16 Pikeman
18:02 Forging
17:53 Scale Mail Armor
24:35 Gold Mining
27:30 Fletching
27:40 Padded Archer Armor
30:22 Castle Age
28:41 Horse Collar
29:07 Stone Mining
32:30 Two-Handed Swordsman
32:31 Halberdier
33:12 Squires
32:59 Gambesons
32:47 Elite Skirmisher
34:16 Leather Archer Armor
39:10 Ballistics
46:17 Bodkin Arrow
48:51 Iron Casting
horaciocolbert
8:14 Loom
9:34 Loom
11:40 Feudal Age
12:12 Double-Bit Axe
12:14 Fishing Lines
15:40 Wheelbarrow
19:02 Fletching
22:42 Scale Mail Armor
25:27 Castle Age
23:46 Bloodlines
24:48 Horse Collar
26:55 Hand Cart
26:23 Elite Skirmisher
26:29 Pikeman
27:13 Squires
28:46 Husbandry
29:40 Scale Barding Armor
29:48 Forging
31:01 Thumb Ring
38:46 Chain Barding Armor
39:19 Light Cavalry
47:57 Bodkin Arrow
Clovis
9:52 Feudal Age
10:59 Man-at-Arms
11:30 Horse Collar
11:44 Double-Bit Axe
14:39 Scale Mail Armor
16:42 Town Watch
17:21 Forging
25:11 Castle Age
29:10 Squires
31:30 Husbandry
34:55 Gold Mining
35:29 Light Cavalry
37:07 Bloodlines
EZWY.nee
5:44 Loom
12:04 Feudal Age
28:49 Double-Bit Axe
38:27 Castle Age
41:12 Gold Mining
41:33 Corvinian Army
41:50 Husbandry
44:00 Fishing Lines
45:32 Bloodlines
47:10 Scale Barding Armor
48:00 Gillnets
49:54 Wheelbarrow
[GG] Raúl González Blanco
9:28 Feudal Age
7:44 Loom
14:09 Town Watch
20:52 Castle Age
20:10 Fletching
20:26 Scale Barding Armor
22:57 Kamandaran
23:03 Bodkin Arrow
25:14 Crossbowman
26:38 Padded Archer Armor
29:24 Leather Archer Armor
30:15 Double-Bit Axe
37:21 Bow Saw
36:53 Horse Collar
37:30 Town Patrol
38:09 Wheelbarrow
38:25 Chain Barding Armor
38:50 Ballistics
38:25 Murder Holes
39:35 Bloodlines
39:25 Husbandry
40:09 Forging
42:04 Iron Casting
42:43 Fervor
46:09 Imperial Age
47:46 Chemistry
47:24 Plate Barding Armor
47:20 Ring Archer Armor
47:51 Blast Furnace
47:09 Hand Cart
46:41 Cavalier
48:02 Thumb Ring
49:05 Scale Mail Armor
49:22 Block Printing
49:21 Light Cavalry
[GG] Shevchenko 7
5:38 Loom
11:49 Feudal Age
15:05 Scale Barding Armor
16:42 Forging
24:38 Castle Age
23:33 Scale Mail Armor
23:22 Double-Bit Axe
23:19 Horse Collar
23:32 Gold Mining
23:33 Stone Mining
32:44 Imperial Age
30:54 Light Cavalry
31:44 Bloodlines
31:39 Padded Archer Armor
31:29 Fletching
32:15 Iron Casting
35:52 Husbandry
36:54 Chain Barding Armor
37:35 Blast Furnace
36:31 Bodkin Arrow
36:51 Leather Archer Armor
41:29 Elite Organ Gun
46:02 Plate Barding Armor
45:58 Ring Archer Armor
46:26 Chain Mail Armor
50:23 Plate Mail Armor
49:54 Bracer
50:49 Wheelbarrow
49:59 Town Watch
[GG] Ibrahimovic
4:55 Loom
12:11 Feudal Age
14:36 Horse Collar
14:53 Town Watch
17:45 Double-Bit Axe
17:32 Man-at-Arms
20:00 Scale Mail Armor
20:12 Forging
21:30 Padded Archer Armor
21:22 Fletching
32:27 Castle Age
33:50 Wheelbarrow
33:09 Gold Mining
33:32 Long Swordsman
33:33 Pikeman
34:14 Squires
34:53 Iron Casting
34:35 Chain Mail Armor
34:52 Bow Saw
34:48 Bodkin Arrow
35:38 Stone Mining
37:30 Leather Archer Armor
37:00 Fishing Lines
37:56 Town Patrol
39:28 Gold Shaft Mining
38:37 Light Cavalry
39:33 Gillnets
40:31 Scale Barding Armor
40:41 Bloodlines
45:24 Hand Cart
48:01 Imperial Age
45:49 Hand Cart
47:33 Chain Barding Armor
[GG] Trezeguet
10:05 Feudal Age
9:10 Loom
15:17 Castle Age
13:56 Double-Bit Axe
36:17 Horse Collar
39:33 Wheelbarrow
42:03 Corvinian Army
43:46 Bloodlines
48:04 Imperial Age
46:01 Husbandry
47:09 Scale Barding Armor
47:05 Scale Mail Armor
48:05 Heavy Plow
48:20 Bow Saw
48:36 Light Cavalry
Connection lost

Rejoining the realm…

Still unreachable

The connection could not be restored.

Session expired

The server has moved on; the page needs a fresh start.